 Dungeon Crawl Stone Soup version 0.30.1-11-g7821555f0a (webtiles) character file.

Game seed: 8921508446726268717

53 safid the Chiller (level 3, -1/27 HPs)
             Began as a Merfolk Ice Elementalist on Oct 30, 2023.
             Succumbed to a gnoll's poison
             ... on level 2 of the Dungeon.
             The game lasted 00:01:34 (1489 turns).

safid the Chiller (Merfolk Ice Elementalist)        Turns: 1489, Time: 00:01:34

Health: -1/27      AC:  3    Str:  8    XL:     3   Next: 87%
Magic:  5/7        EV: 12    Int: 16    God:
Gold:   47         SH:  0    Dex: 14    Spells: 3/7 levels left

rFire   . . .        d - +0 eveningstar
rCold   . . .        (no shield)
rNeg    . . .        a - +0 robe
rPois   .            (no helmet)
rElec   .            f - +0 cloak
rCorr   .            (no gloves)
SInv    .            (no boots)
Will    .....        (no amulet)
Stlth   ++           (no ring)
HPRegen 0.24/turn    (no ring)
MPRegen 0.10/turn

%: no passive effects
@: lethally poisoned (-1 -> -14)
A: (nimble swimmer 2), mertail
a: no special abilities


You were on level 2 of the Dungeon.
You visited 1 branch of the dungeon, and saw 2 of its levels.

You collected 47 gold pieces.

Inventory:

Hand Weapons
 d - a +0 eveningstar (weapon)
Armour
 a - a +0 robe (worn)
 f - a +0 cloak (worn)
Scrolls
 c - 2 scrolls of amnesia {unknown}
 e - 2 scrolls of poison {unknown}
 h - a scroll of identify {unknown}
 i - a scroll of teleportation {unknown}
Potions
 b - a potion of magic
 g - a potion of flight {unknown}


   Skills:
 + Level 2.0 Fighting
 - Level 2.6 Dodging
 - Level 2.1 Stealth
 + Level 2.7 Spellcasting
 + Level 4.9 Ice Magic


You had 3 spell levels left.
You knew the following spells:

 Your Spells              Type           Power      Damage    Failure   Level
a - Freeze                Ice            68%        1d8       2%          1
b - Frozen Ramparts       Ice            34%        1d6       8%          3

Your spell library contained the following spells:

 Spells                   Type           Power      Damage    Failure   Level
 Ozocubu's Armour         Ice            17%        N/A       8%          3
 Summon Ice Beast         Ice/Summ       10%        N/A       56%         4


Dungeon Overview and Level Annotations

Branches:
Dungeon (2/15)

Altars:
Xom


Innate Abilities, Weirdness & Mutations

((You are very nimble when in or above water. (Stealth+, EV+, Speed+++)))
Your lower body shifts to a powerful aquatic tail in water.


Message History

You hit the gnoll.
The gnoll is moderately wounded.
You feel sick.
The gnoll hits you with a +2 spear of venom.
You are more poisoned.
The gnoll hits you but does no damage.
You closely miss the gnoll.
The gnoll is moderately wounded.
You feel very sick.
An adder comes into view.
The gnoll closely misses you. x2; The gnoll barely misses you.
The gnoll hits you with a +0 whip.
You barely miss the gnoll.
The gnoll is moderately wounded.
You feel very sick.
The gnoll hits you with a +2 spear of venom.
* * * LOW HITPOINT WARNING * * *
You are lethally poisoned!
The gnoll closely misses you. The gnoll barely misses you.
Casting: Freeze (safe; 2% risk of failure)
Confirm with . or Enter, or press ? or * to list all spells.
Aiming: Freeze (safe; 2% risk of failure)
Press: ? - help, Shift-Dir - straight line, f - gnoll
Aim: a gnoll, wielding a +2 spear of venom (moderately wounded)
You freeze the gnoll!
The gnoll is severely wounded.
* * * LOW HITPOINT WARNING * * *
You feel very sick. The gnoll misses you.
The gnoll hits you with a +2 spear of venom.
* * * LOW HITPOINT WARNING * * *
The gnoll closely misses you.
Casting: Freeze (safe; 2% risk of failure)
Confirm with . or Enter, or press ? or * to list all spells.
Aiming: Freeze (safe; 2% risk of failure)
Press: ? - help, Shift-Dir - straight line, f/p - gnoll
Aim: a gnoll, wielding a +2 spear of venom (severely wounded)
You freeze the gnoll.
You kill the gnoll!
You die...

## >.. ##.# ### ..#...
... ..###.######.###
#####..#.............
......#.#...S)...###
#####...........@gg.....
≈≈#.......#.#.##g###.##.
..§.....#.#.............
≈≈###...#.#.#.#..######..
###.......#.#.#..........
#####...###.#.##.######..
............#...##
#####....######.####### #
#..................


You could see 2 gnolls, an adder and a hobgoblin.

Vanquished Creatures
  A gnoll (D:2)
  2 dart slugs (D:1)
  2 ball pythons (D:1)
  3 endoplasms (D:1)
  2 giant cockroaches (D:1)
  4 goblins
  6 hobgoblins (D:1)
  4 jackals (D:2)
  5 kobolds (D:1)
  2 quokkas (D:1)
  6 bats
  2 frilled lizards
  3 rats (D:1)
42 creatures vanquished.

Notes
Turn   | Place    | Note
-------+----------+-------------------------------------------
     0 | D:1      | safid the Merfolk Ice Elementalist began the quest for the
                  | Orb.
     0 | D:1      | Reached XP level 1. HP: 13/13 MP: 3/3
   129 | D:1      | Reached XP level 2. HP: 7/20 MP: 0/5
   199 | D:1      | Reached skill level 1 in Fighting
   522 | D:1      | Reached XP level 3. HP: 20/26 MP: 6/6
   526 | D:1      | Learned a level 3 spell: Frozen Ramparts
  1200 | D:2      | Found a shimmering altar of Xom.
  1488 | D:2      | HP: 1/27 [gnoll/+2 spear of venom (3)]
  1489 | D:2      | Succumbed to a gnoll's poison

Illustrated notes

Levels and vault maps discovered:
D:1:      evilmike_arrival_rings, layout_basic
D:2:      layout_basic, basic_altar, amcnicky_mini_rare_corridor_liquid,
          minmay_small_reverse_x

Skill      XL: |  1  2  3 |
---------------+----------+-----
Fighting       | 1 2 |  2.0
Dodging        | |  2.6
Stealth        | |  2.1
Spellcasting   | |  2.7
Ice Magic      | |  4.9

Action                     || total
---------------------------++-------
  Melee: Unarmed           ||    18
         Eveningstar       ||    76
   Cast: Freeze            ||    27
   Stab: Sleeping          ||     9
 Armour: Robe              ||    31
  Dodge: Dodged            ||   106
